[ AOE2 MATCH · #501279471 ]
UnrankedPortuguese vs Lithuanians
[ REPLAY ANALYSIS · EXTRACTED FROM THE RECORDED GAME ]
Feudal
8:30
Castle
21:51
Imperial
26:28
| APM avg | 31.1 |
| APM peak | 69 |
| eAPM avg | 18.4 |
| Villagers / military | 44 / 25 |
Focus
⚔️ 29.9% · 🌾 70.1%
Archer ×17 · Hand Cannoneer ×4 · Bombard Cannon ×3 · Trebuchet (Packed) ×1
Feudal
9:14
Castle
12:28
Imperial
25:53
| APM avg | 32.3 |
| APM peak | 68 |
| eAPM avg | 19.0 |
| Villagers / military | 165 / 133 |
Focus
⚔️ 30.2% · 🌾 69.8%
Knight ×103 · Scout Cavalry ×15 · Spearman ×11 · Camel Scout ×3 · Trebuchet (Packed) ×1
Feudal
8:31
Castle
12:04
Imperial
25:39
| APM avg | 46.3 |
| APM peak | 84 |
| eAPM avg | 24.5 |
| Villagers / military | 130 / 140 |
Focus
⚔️ 31.0% · 🌾 69.0%
Knight ×128 · Trebuchet (Packed) ×7 · Monk ×4 · Bombard Cannon ×1
Feudal
8:01
Castle
11:56
Imperial
27:12
| APM avg | 45.9 |
| APM peak | 94 |
| eAPM avg | 20.7 |
| Villagers / military | 130 / 114 |
Focus
⚔️ 22.6% · 🌾 77.4%
Camel Scout ×79 · Mameluke ×24 · Spearman ×4 · Trebuchet (Packed) ×4 · Monk ×3
Feudal
9:21
Castle
12:55
Imperial
28:14
| APM avg | 47.2 |
| APM peak | 68 |
| eAPM avg | 26.2 |
| Villagers / military | 141 / 120 |
Focus
⚔️ 36.6% · 🌾 63.4%
Cavalry Archer ×73 · Magyar Huszar ×24 · Trebuchet (Packed) ×8 · Scout Cavalry ×6 · Monk ×4 · Spearman ×3
Feudal
8:46
Castle
15:12
Imperial
32:50
| APM avg | 36.1 |
| APM peak | 66 |
| eAPM avg | 22.8 |
| Villagers / military | 129 / 51 |
Focus
⚔️ 30.0% · 🌾 70.0%
Unknown (2579) ×32 · Skirmisher ×29 · Petard ×20 · Mangonel ×2
Feudal
6:03
Castle
21:25
Imperial
34:40
| APM avg | 33.8 |
| APM peak | 65 |
| eAPM avg | 21.8 |
| Villagers / military | 117 / 58 |
Focus
⚔️ 40.4% · 🌾 59.6%
Kamayuk ×49 · Battering Ram ×5 · Scorpion ×4
Feudal
6:25
Castle
21:28
Imperial
—
| APM avg | 38.2 |
| APM peak | 71 |
| eAPM avg | 21.2 |
| Villagers / military | 79 / 80 |
Focus
⚔️ 39.9% · 🌾 60.1%
Genoese Crossbowman ×80
Match map
Initial resources + every placement click. Lines = walls · curves = elevation contours. ◆ gold · ⬟ stone · ● berries · ✦ relic · ◌ wall gap
Your base· ✓ Closed at 21:51 · 32t walls · 2 gate(s)
KIRA's base· ✓ Closed at 12:28 · 0t walls · 2 gate(s)
李清然's base· ✓ Closed at 12:04 · 0t walls · 2 gate(s)
deev's base· ✓ Closed at 11:56 · 0t walls · 3 gate(s)
味增汤's base· ✓ Closed at 12:55 · 0t walls · 3 gate(s)
HSL | LuxRay's base· ✓ Closed at 15:12 · 45t walls · 5 gate(s)
哀一逝而异乡's base· ✓ Closed at 21:25 · 3t walls · 2 gate(s)
垃圾小士兵's base· ✓ Closed at 21:28 · 0t walls · 3 gate(s)
Smoothed initial terrain · ◌ = detected wall gap · hover for details
Inputs per minute
— EMP - - KIRA
Build order — EMP
First 150 of 208 actions detected
| 0:01 | Queue | Villager (Male) ×2 |
| 0:06 | Build | Lumber Camp |
| 0:44 | Queue | Villager (Male) |
| 0:45 | Queue | Villager (Male) |
| 1:14 | Queue | Villager (Male) |
| 1:25 | Build | House |
| 1:36 | Queue | Villager (Male) |
| 1:37 | Queue | Villager (Male) |
| 1:55 | Build | House |
| 2:03 | Queue | Villager (Male) |
| 2:04 | Queue | Villager (Male) |
| 2:34 | Queue | Villager (Male) |
| 2:35 | Queue | Villager (Male) |
| 2:56 | Queue | Villager (Male) |
| 2:56 | Queue | Villager (Male) |
| 3:04 | Build | Mill |
| 3:54 | Queue | Villager (Male) |
| 3:54 | Queue | Villager (Male) |
| 4:14 | Queue | Villager (Male) |
| 4:32 | Build | Mining Camp |
| 4:39 | Queue | Villager (Male) |
| 4:48 | Queue | Villager (Male) |
| 5:52 | Research | Feudal Age |
| 6:39 | Build | House |
| 6:59 | Build | Farm |
| 7:12 | Build | Palisade Wall |
| 7:17 | Build | Palisade Wall |
| 7:23 | Build | Palisade Wall |
| 7:28 | Research | Loom |
| 7:41 | Build | Barracks |
| 8:12 | Build | Mining Camp |
| 8:30 | Age | Feudal Age |
| 8:37 | Build | Watch Tower |
| 8:47 | Build | Palisade Wall |
| 8:48 | Build | Palisade Wall |
| 8:50 | Research | Double-Bit Axe |
| 9:06 | Build | Palisade Wall |
| 9:12 | Build | Palisade Wall |
| 9:17 | Queue | Villager (Male) |
| 9:17 | Queue | Villager (Male) |
| 9:31 | Build | Palisade Wall |
| 9:33 | Build | Blacksmith |
| 9:36 | Build | Palisade Wall |
| 9:41 | Queue | Villager (Male) |
| 9:51 | Build | Watch Tower |
| 10:07 | Research | Fletching |
| 10:13 | Build | Lumber Camp |
| 10:34 | Queue | Villager (Male) |
| 10:34 | Queue | Villager (Male) |
| 10:34 | Queue | Villager (Male) |
| 10:40 | Queue | Villager (Male) |
| 10:50 | Queue | Villager (Male) |
| 11:03 | Build | Watch Tower |
| 11:50 | Queue | Villager (Male) |
| 11:52 | Build | Archery Range |
| 12:04 | Queue | Villager (Male) |
| 12:50 | Queue | Archer |
| 12:50 | Queue | Archer |
| 12:50 | Queue | Archer |
| 12:54 | Build | Mining Camp |
| 12:56 | Research | Horse Collar |
| 12:57 | Queue | Villager (Male) |
| 13:16 | Build | Watch Tower |
| 13:29 | Build | Farm |
| 13:30 | Build | Farm |
| 13:43 | Build | Farm |
| 13:44 | Build | Farm |
| 13:46 | Queue | Villager (Male) |
| 14:07 | Build | Farm |
| 14:07 | Queue | Villager (Male) |
| 14:32 | Build | Farm |
| 14:32 | Build | Farm |
| 14:39 | Queue | Archer |
| 14:41 | Queue | Villager (Male) |
| 14:42 | Queue | Villager (Male) |
| 14:54 | Build | Lumber Camp |
| 14:58 | Build | Farm |
| 14:58 | Build | Farm |
| 15:02 | Queue | Villager (Male) |
| 15:11 | Build | Farm |
| 15:12 | Queue | Archer |
| 15:32 | Queue | Villager (Male) |
| 15:53 | Build | Farm |
| 15:55 | Build | Farm |
| 15:58 | Build | Farm |
| 16:12 | Build | Farm |
| 16:13 | Queue | Villager (Male) |
| 16:14 | Research | Wheelbarrow |
| 16:23 | Research | Gold Mining |
| 16:54 | Build | Farm |
| 17:02 | Build | Farm |
| 17:10 | Build | Mill |
| 17:12 | Build | Farm |
| 17:14 | Build | Farm |
| 17:16 | Queue | Villager (Male) |
| 17:16 | Queue | Villager (Male) |
| 17:42 | Queue | Villager (Male) |
| 17:51 | Build | Market |
| 18:39 | Build | House |
| 18:40 | Build | House |
| 18:42 | Build | House |
| 19:11 | Research | Castle Age |
| 19:17 | Build | House |
| 19:31 | Build | House |
| 19:32 | Build | House |
| 20:34 | Build | Farm |
| 20:48 | Build | House |
| 20:50 | Build | House |
| 20:56 | Research | Stone Mining |
| 21:51 | Age | Castle Age |
| 21:56 | Build | Castle |
| 22:00 | Queue | Villager (Male) |
| 22:05 | Build | University |
| 22:06 | Research | Bow Saw |
| 22:09 | Build | Lumber Camp |
| 22:14 | Build | House |
| 22:15 | Build | House |
| 22:16 | Build | House |
| 22:26 | Build | Siege Workshop |
| 22:45 | Research | Heavy Plow |
| 22:51 | Build | House |
| 23:18 | Research | Imperial Age |
| 23:18 | Research | Imperial Age |
| 23:34 | Build | Mining Camp |
| 23:43 | Build | House |
| 23:44 | Build | House |
| 24:32 | Build | Lumber Camp |
| 24:34 | Research | Stone Shaft Mining |
| 24:52 | Build | Barracks |
| 25:29 | Build | House |
| 25:30 | Build | House |
| 25:40 | Build | Siege Workshop |
| 26:16 | Build | Archery Range |
| 26:18 | Research | Bodkin Arrow |
| 26:28 | Age | Imperial Age |
| 26:29 | Research | Chemistry |
| 26:30 | Queue | Trebuchet (Packed) |
| 26:36 | Queue | Villager (Male) |
| 26:50 | Build | Feitoria |
| 27:16 | Queue | Villager (Male) |
| 27:16 | Queue | Villager (Male) |
| 27:18 | Queue | Villager (Male) |
| 27:36 | Research | Conscription |
| 27:51 | Queue | Bombard Cannon |
| 27:52 | Queue | Bombard Cannon |
| 27:52 | Queue | Bombard Cannon |
| 28:07 | Build | Feitoria |
| 28:28 | Queue | Hand Cannoneer |
| 28:29 | Queue | Hand Cannoneer |
| 28:42 | Build | House |
Build order — KIRA
First 150 of 406 actions detected
| 0:02 | Queue | Villager (Male) |
| 0:02 | Queue | Villager (Male) |
| 0:02 | Queue | Villager (Male) |
| 0:03 | Queue | Villager (Male) |
| 0:07 | Build | Lumber Camp |
| 0:39 | Queue | Villager (Male) |
| 0:39 | Queue | Villager (Male) |
| 0:55 | Build | House |
| 0:59 | Build | House |
| 1:07 | Queue | Villager (Male) |
| 1:07 | Queue | Villager (Male) |
| 1:22 | Build | House |
| 1:38 | Queue | Villager (Male) |
| 1:56 | Queue | Villager (Male) |
| 1:56 | Queue | Villager (Male) |
| 2:05 | Build | Mill |
| 2:47 | Queue | Villager (Male) |
| 2:47 | Queue | Villager (Male) |
| 2:53 | Queue | Villager (Male) |
| 2:57 | Queue | Villager (Male) |
| 2:58 | Queue | Villager (Male) |
| 3:46 | Queue | Villager (Male) |
| 3:49 | Queue | Villager (Male) |
| 3:49 | Queue | Villager (Male) |
| 3:50 | Queue | Villager (Male) |
| 4:40 | Build | Mining Camp |
| 4:43 | Build | Farm |
| 4:54 | Queue | Villager (Male) |
| 5:03 | Queue | Villager (Male) |
| 5:30 | Queue | Villager (Male) |
| 5:40 | Build | Mining Camp |
| 5:47 | Build | Farm |
| 5:50 | Build | Farm |
| 6:25 | Build | Farm |
| 6:36 | Queue | Villager (Male) |
| 7:00 | Research | Feudal Age |
| 7:18 | Queue | Villager (Male) |
| 7:19 | Queue | Villager (Male) |
| 8:13 | Build | Farm |
| 9:14 | Age | Feudal Age |
| 9:17 | Build | Blacksmith |
| 9:19 | Build | Market |
| 10:02 | Research | Castle Age |
| 10:02 | Research | Castle Age |
| 10:11 | Build | House |
| 10:27 | Research | Horse Collar |
| 10:30 | Research | Double-Bit Axe |
| 10:59 | Build | House |
| 11:07 | Build | Farm |
| 11:08 | Build | Farm |
| 11:46 | Queue | Villager (Male) |
| 12:00 | Queue | Villager (Male) |
| 12:28 | Age | Castle Age |
| 12:32 | Build | Town Center |
| 12:36 | Queue | Villager (Male) |
| 12:42 | Research | Loom |
| 12:45 | Build | House |
| 12:57 | Queue | Villager (Male) |
| 12:57 | Queue | Villager (Male) |
| 12:58 | Queue | Villager (Male) |
| 13:03 | Queue | Villager (Male) |
| 13:03 | Queue | Villager (Male) |
| 13:04 | Queue | Villager (Male) |
| 13:11 | Queue | Villager (Male) |
| 13:15 | Build | Town Center |
| 13:31 | Build | Barracks |
| 13:33 | Queue | Villager (Male) |
| 13:36 | Build | Farm |
| 13:40 | Queue | Villager (Male) |
| 13:59 | Research | Wheelbarrow |
| 14:02 | Research | Heavy Plow |
| 14:04 | Queue | Villager (Male) |
| 14:07 | Queue | Villager (Male) |
| 14:09 | Queue | Villager (Male) |
| 14:10 | Queue | Villager (Male) |
| 14:10 | Queue | Villager (Male) |
| 14:18 | Queue | Villager (Male) |
| 14:29 | Build | House |
| 14:41 | Queue | Villager (Male) |
| 14:44 | Build | Farm |
| 14:47 | Queue | Villager (Male) |
| 14:49 | Build | Farm |
| 14:51 | Build | Farm |
| 14:55 | Build | Farm |
| 14:55 | Queue | Villager (Male) |
| 15:01 | Build | House |
| 15:09 | Queue | Villager (Male) |
| 15:29 | Queue | Villager (Male) |
| 15:29 | Queue | Villager (Male) |
| 15:31 | Build | House |
| 15:40 | Queue | Villager (Male) |
| 15:47 | Build | Farm |
| 15:49 | Build | Farm |
| 15:51 | Build | Farm |
| 15:56 | Queue | Villager (Male) |
| 15:56 | Queue | Villager (Male) |
| 15:56 | Queue | Villager (Male) |
| 16:02 | Build | House |
| 16:03 | Build | House |
| 16:05 | Queue | Villager (Male) |
| 16:18 | Queue | Villager (Male) |
| 16:19 | Queue | Villager (Male) |
| 16:22 | Build | Farm |
| 16:25 | Queue | Villager (Male) |
| 16:25 | Queue | Villager (Male) |
| 16:41 | Build | Farm |
| 16:42 | Build | Farm |
| 16:44 | Build | Farm |
| 16:50 | Build | Farm |
| 16:52 | Build | Farm |
| 16:54 | Queue | Villager (Male) |
| 16:56 | Build | Farm |
| 16:57 | Queue | Villager (Male) |
| 16:57 | Queue | Villager (Male) |
| 16:58 | Queue | Villager (Male) |
| 17:01 | Build | House |
| 17:02 | Queue | Villager (Male) |
| 17:11 | Build | Gate |
| 17:15 | Build | Stone Wall |
| 17:18 | Build | Farm |
| 17:19 | Queue | Villager (Male) |
| 17:24 | Build | Farm |
| 17:25 | Queue | Villager (Male) |
| 17:30 | Build | Farm |
| 17:32 | Build | Farm |
| 17:36 | Build | Farm |
| 17:37 | Build | Farm |
| 17:40 | Build | Farm |
| 17:45 | Build | House |
| 17:48 | Queue | Villager (Male) |
| 17:50 | Queue | Villager (Male) |
| 17:58 | Queue | Villager (Male) |
| 18:02 | Research | Bow Saw |
| 18:03 | Research | Bow Saw |
| 18:09 | Queue | Villager (Male) |
| 18:10 | Queue | Villager (Male) |
| 18:14 | Build | Monastery |
| 18:15 | Queue | Villager (Male) |
| 18:23 | Queue | Villager (Male) |
| 18:23 | Queue | Villager (Male) |
| 18:28 | Queue | Villager (Male) |
| 18:28 | Queue | Villager (Male) |
| 18:35 | Build | Farm |
| 18:37 | Build | Farm |
| 18:37 | Build | Farm |
| 18:39 | Queue | Villager (Male) |
| 18:41 | Queue | Villager (Male) |
| 18:45 | Queue | Villager (Male) |
| 18:49 | Research | Gold Mining |
| 18:55 | Queue | Villager (Male) |
Build order — 李清然
First 150 of 338 actions detected
| 0:00 | Queue | Villager (Male) ×4 |
| 0:04 | Build | Lumber Camp |
| 0:38 | Queue | Villager (Male) |
| 0:38 | Queue | Villager (Male) |
| 1:01 | Queue | Villager (Male) |
| 1:20 | Queue | Villager (Male) |
| 1:21 | Queue | Villager (Male) |
| 1:28 | Build | House |
| 1:29 | Build | House |
| 1:29 | Build | House |
| 1:52 | Queue | Villager (Male) |
| 1:53 | Queue | Villager (Male) |
| 2:04 | Build | House |
| 2:29 | Queue | Villager (Male) |
| 3:08 | Build | Mill |
| 3:30 | Queue | Villager (Male) |
| 3:30 | Queue | Villager (Male) |
| 3:49 | Queue | Villager (Male) |
| 4:18 | Build | Farm |
| 4:28 | Queue | Villager (Male) |
| 4:29 | Queue | Villager (Male) |
| 5:38 | Build | Farm |
| 5:51 | Queue | Villager (Male) |
| 6:03 | Build | Mining Camp |
| 6:21 | Research | Feudal Age |
| 6:21 | Research | Feudal Age |
| 6:55 | Queue | Villager (Male) |
| 6:55 | Queue | Villager (Male) |
| 8:31 | Age | Feudal Age |
| 8:33 | Build | Market |
| 8:35 | Build | Blacksmith |
| 8:35 | Research | Double-Bit Axe |
| 8:36 | Research | Double-Bit Axe |
| 8:54 | Research | Horse Collar |
| 9:24 | Research | Castle Age |
| 9:24 | Research | Castle Age |
| 10:47 | Build | Farm |
| 10:50 | Build | Farm |
| 11:16 | Queue | Villager (Male) |
| 11:23 | Build | Farm |
| 12:04 | Age | Castle Age |
| 12:06 | Build | Town Center |
| 12:09 | Build | Monastery |
| 12:14 | Build | Monastery |
| 12:17 | Build | Town Center |
| 12:18 | Research | Bow Saw |
| 12:18 | Research | Bow Saw |
| 12:20 | Queue | Villager (Male) |
| 12:46 | Queue | Villager (Male) |
| 12:58 | Build | Farm |
| 13:05 | Queue | Monk |
| 13:08 | Build | Farm |
| 13:23 | Queue | Villager (Male) |
| 13:23 | Queue | Villager (Male) |
| 13:26 | Build | Farm |
| 13:39 | Queue | Villager (Male) |
| 13:40 | Queue | Villager (Male) |
| 13:42 | Queue | Villager (Male) |
| 13:47 | Queue | Villager (Male) |
| 13:47 | Queue | Villager (Male) |
| 13:48 | Build | Farm |
| 13:50 | Queue | Monk |
| 13:57 | Queue | Villager (Male) |
| 14:05 | Build | Farm |
| 14:07 | Build | Farm |
| 14:10 | Queue | Villager (Male) |
| 14:11 | Queue | Villager (Male) |
| 14:18 | Queue | Villager (Male) |
| 14:33 | Queue | Villager (Male) |
| 14:34 | Queue | Villager (Male) |
| 14:36 | Queue | Monk |
| 14:57 | Queue | Villager (Male) |
| 14:57 | Queue | Villager (Male) |
| 15:03 | Build | Town Center |
| 15:06 | Build | House |
| 15:07 | Build | House |
| 15:07 | Build | House |
| 15:11 | Research | Wheelbarrow |
| 15:13 | Research | Town Watch |
| 15:14 | Research | Town Watch |
| 15:18 | Build | Farm |
| 15:19 | Build | Farm |
| 15:23 | Build | Farm |
| 15:40 | Queue | Villager (Male) |
| 15:41 | Queue | Villager (Male) |
| 15:44 | Queue | Villager (Male) |
| 15:44 | Queue | Villager (Male) |
| 16:04 | Queue | Villager (Male) |
| 16:04 | Queue | Villager (Male) |
| 16:20 | Queue | Villager (Male) |
| 16:21 | Queue | Villager (Male) |
| 16:34 | Build | Farm |
| 16:37 | Build | Farm |
| 16:43 | Build | Farm |
| 16:45 | Build | House |
| 16:45 | Build | House |
| 16:46 | Queue | Villager (Male) |
| 16:47 | Queue | Villager (Male) |
| 16:47 | Queue | Villager (Male) |
| 17:00 | Research | Fervor |
| 17:01 | Research | Fervor |
| 17:03 | Build | Farm |
| 17:05 | Build | Farm |
| 17:06 | Build | Farm |
| 17:08 | Build | Farm |
| 17:09 | Queue | Villager (Male) |
| 17:09 | Queue | Villager (Male) |
| 17:10 | Queue | Villager (Male) |
| 17:10 | Queue | Villager (Male) |
| 17:13 | Build | Farm |
| 17:14 | Build | Farm |
| 17:17 | Queue | Villager (Male) |
| 17:18 | Build | Farm |
| 17:19 | Build | Farm |
| 17:21 | Build | Farm |
| 17:23 | Queue | Villager (Male) |
| 17:24 | Queue | Villager (Male) |
| 17:29 | Build | House |
| 17:30 | Build | House |
| 17:37 | Queue | Villager (Male) |
| 17:38 | Build | Farm |
| 17:39 | Queue | Villager (Male) |
| 17:39 | Queue | Villager (Male) |
| 17:47 | Queue | Villager (Male) |
| 17:50 | Build | Farm |
| 17:53 | Build | Farm |
| 18:02 | Queue | Villager (Male) |
| 18:02 | Queue | Villager (Male) |
| 18:02 | Queue | Villager (Male) |
| 18:08 | Build | Farm |
| 18:09 | Queue | Villager (Male) |
| 18:09 | Queue | Villager (Male) |
| 18:24 | Queue | Villager (Male) |
| 18:24 | Queue | Villager (Male) |
| 18:25 | Queue | Villager (Male) |
| 18:25 | Queue | Villager (Male) |
| 18:30 | Build | Town Center |
| 18:34 | Build | House |
| 18:34 | Build | House |
| 18:38 | Build | Farm |
| 18:42 | Queue | Villager (Male) |
| 18:42 | Queue | Villager (Male) |
| 18:42 | Queue | Villager (Male) |
| 18:49 | Queue | Villager (Male) |
| 18:53 | Build | Farm |
| 18:53 | Build | Farm |
| 18:57 | Build | Farm |
| 18:59 | Queue | Villager (Male) |
| 19:02 | Build | Farm |
| 19:03 | Queue | Villager (Male) |
Build order — deev
First 150 of 293 actions detected
| 0:01 | Queue | Villager (Male) ×2 |
| 0:05 | Build | Lumber Camp |
| 0:47 | Queue | Villager (Male) |
| 1:08 | Queue | Villager (Male) |
| 1:22 | Build | House |
| 1:23 | Build | House |
| 1:33 | Queue | Villager (Male) |
| 2:02 | Queue | Villager (Male) |
| 2:16 | Queue | Villager (Male) |
| 2:17 | Queue | Villager (Male) |
| 2:17 | Queue | Villager (Male) |
| 2:18 | Queue | Villager (Male) |
| 2:29 | Build | House |
| 2:36 | Build | Mill |
| 3:00 | Build | House |
| 3:12 | Queue | Villager (Male) |
| 3:12 | Queue | Villager (Male) |
| 3:38 | Queue | Villager (Male) |
| 3:38 | Queue | Villager (Male) |
| 3:38 | Queue | Villager (Male) |
| 4:21 | Queue | Villager (Male) |
| 4:43 | Queue | Villager (Male) |
| 4:58 | Build | Farm |
| 5:05 | Build | Farm |
| 5:26 | Build | Farm |
| 5:31 | Research | Feudal Age |
| 7:01 | Queue | Villager (Male) |
| 7:02 | Queue | Villager (Male) |
| 7:02 | Queue | Villager (Male) |
| 8:01 | Age | Feudal Age |
| 8:03 | Build | Market |
| 8:05 | Build | Blacksmith |
| 9:13 | Research | Castle Age |
| 9:13 | Research | Castle Age |
| 9:14 | Research | Double-Bit Axe |
| 9:48 | Build | Barracks |
| 10:01 | Build | Farm |
| 10:08 | Build | Farm |
| 10:27 | Build | Farm |
| 10:54 | Queue | Spearman |
| 10:54 | Queue | Spearman |
| 10:58 | Build | House |
| 11:03 | Queue | Villager (Male) |
| 11:33 | Build | Farm |
| 11:44 | Queue | Villager (Male) |
| 11:56 | Age | Castle Age |
| 12:01 | Build | Monastery |
| 12:03 | Queue | Villager (Male) |
| 12:05 | Research | Bow Saw |
| 12:34 | Build | Town Center |
| 12:37 | Queue | Villager (Male) |
| 12:46 | Queue | Monk |
| 12:51 | Build | House |
| 12:58 | Queue | Villager (Male) |
| 13:12 | Queue | Villager (Male) |
| 13:15 | Build | Farm |
| 13:27 | Build | Farm |
| 13:28 | Build | Farm |
| 13:32 | Queue | Monk |
| 13:34 | Build | House |
| 13:45 | Build | Farm |
| 13:46 | Queue | Villager (Male) |
| 13:51 | Build | Farm |
| 13:55 | Build | Farm |
| 13:57 | Queue | Villager (Male) |
| 14:12 | Queue | Spearman |
| 14:27 | Build | House |
| 14:34 | Queue | Spearman |
| 14:36 | Queue | Villager (Male) |
| 14:36 | Queue | Villager (Male) |
| 14:36 | Queue | Villager (Male) |
| 14:38 | Build | Farm |
| 15:26 | Queue | Villager (Male) |
| 15:26 | Queue | Villager (Male) |
| 15:26 | Queue | Villager (Male) |
| 15:27 | Queue | Villager (Male) |
| 15:32 | Build | Town Center |
| 16:11 | Build | Farm |
| 16:12 | Build | Farm |
| 16:15 | Build | House |
| 16:28 | Queue | Villager (Male) |
| 16:28 | Queue | Villager (Male) |
| 16:28 | Queue | Villager (Male) |
| 16:29 | Queue | Villager (Male) |
| 16:36 | Build | Town Center |
| 16:52 | Queue | Villager (Male) |
| 16:52 | Queue | Villager (Male) |
| 16:53 | Queue | Villager (Male) |
| 17:09 | Queue | Villager (Male) |
| 17:09 | Queue | Villager (Male) |
| 17:11 | Build | Farm |
| 17:11 | Build | Farm |
| 17:12 | Build | Farm |
| 17:12 | Build | Farm |
| 17:14 | Build | Farm |
| 17:24 | Queue | Monk |
| 17:51 | Queue | Villager (Male) |
| 17:51 | Queue | Villager (Male) |
| 17:53 | Research | Wheelbarrow |
| 17:53 | Research | Loom |
| 18:02 | Build | Farm |
| 18:02 | Build | Farm |
| 18:02 | Build | Farm |
| 18:03 | Build | Farm |
| 18:16 | Build | House |
| 18:17 | Build | House |
| 18:19 | Queue | Villager (Male) |
| 18:20 | Queue | Villager (Male) |
| 18:20 | Queue | Villager (Male) |
| 18:31 | Research | Town Watch |
| 18:58 | Build | Town Center |
| 19:02 | Queue | Villager (Male) ×3 |
| 19:08 | Build | Farm |
| 19:08 | Build | Farm |
| 19:09 | Build | Farm |
| 19:09 | Build | Farm |
| 19:18 | Build | House |
| 19:19 | Build | House |
| 19:20 | Build | House |
| 19:30 | Research | Scale Barding Armor |
| 19:32 | Queue | Villager (Male) |
| 19:33 | Queue | Villager (Male) |
| 19:33 | Queue | Villager (Male) |
| 19:50 | Build | Farm |
| 19:50 | Build | Farm |
| 19:50 | Build | Farm |
| 20:00 | Queue | Villager (Male) |
| 20:00 | Queue | Villager (Male) |
| 20:19 | Build | Lumber Camp |
| 20:22 | Queue | Villager (Male) |
| 20:23 | Queue | Villager (Male) |
| 20:24 | Build | Farm |
| 20:30 | Research | Horse Collar |
| 20:31 | Queue | Villager (Male) |
| 20:31 | Queue | Villager (Male) |
| 20:31 | Queue | Villager (Male) |
| 20:32 | Queue | Villager (Male) |
| 20:52 | Build | Farm |
| 20:55 | Build | Farm |
| 20:57 | Build | Farm |
| 21:04 | Queue | Villager (Male) |
| 21:05 | Queue | Villager (Male) |
| 21:05 | Queue | Villager (Male) |
| 21:05 | Queue | Villager (Male) |
| 21:14 | Build | Mining Camp |
| 21:29 | Build | University |
| 21:31 | Queue | Villager (Male) |
| 21:32 | Queue | Villager (Male) |
| 21:32 | Queue | Villager (Male) |
| 21:32 | Queue | Villager (Male) |
Build order — 味增汤
First 150 of 421 actions detected
| 0:04 | Queue | Villager (Male) |
| 0:04 | Queue | Villager (Male) |
| 0:05 | Queue | Villager (Male) |
| 0:07 | Build | Lumber Camp |
| 0:34 | Queue | Villager (Male) |
| 1:17 | Queue | Villager (Male) |
| 1:17 | Queue | Villager (Male) |
| 1:22 | Build | House |
| 1:23 | Build | House |
| 1:42 | Queue | Villager (Male) |
| 1:42 | Queue | Villager (Male) |
| 2:04 | Queue | Villager (Male) |
| 2:12 | Build | Mill |
| 2:36 | Queue | Villager (Male) |
| 2:46 | Queue | Villager (Male) |
| 2:53 | Queue | Villager (Male) |
| 3:18 | Queue | Villager (Male) |
| 3:35 | Queue | Villager (Male) |
| 3:54 | Queue | Villager (Male) |
| 4:18 | Build | Farm |
| 4:20 | Build | Farm |
| 4:33 | Queue | Villager (Male) |
| 5:02 | Queue | Villager (Male) |
| 5:23 | Queue | Villager (Male) |
| 5:35 | Build | Farm |
| 5:42 | Build | House |
| 5:43 | Build | House |
| 5:55 | Queue | Villager (Male) |
| 6:25 | Queue | Villager (Male) |
| 6:32 | Research | Feudal Age |
| 6:44 | Build | Farm |
| 6:53 | Build | Mining Camp |
| 7:29 | Queue | Villager (Male) |
| 7:29 | Queue | Villager (Male) |
| 8:34 | Build | Barracks |
| 9:21 | Age | Feudal Age |
| 9:25 | Build | Stable |
| 9:27 | Build | Blacksmith |
| 9:49 | Research | Double-Bit Axe |
| 9:50 | Research | Double-Bit Axe |
| 10:15 | Research | Castle Age |
| 10:16 | Research | Castle Age |
| 10:20 | Research | Horse Collar |
| 10:21 | Queue | Scout Cavalry |
| 10:50 | Queue | Villager (Male) |
| 10:51 | Build | Farm |
| 11:01 | Queue | Scout Cavalry |
| 11:21 | Queue | Villager (Male) |
| 11:29 | Build | Farm |
| 11:56 | Queue | Scout Cavalry |
| 12:36 | Queue | Scout Cavalry |
| 12:55 | Age | Castle Age |
| 13:00 | Build | Monastery |
| 13:04 | Build | Town Center |
| 13:05 | Queue | Villager (Male) |
| 13:07 | Research | Bow Saw |
| 13:25 | Queue | Villager (Male) |
| 13:26 | Build | Farm |
| 13:28 | Build | Farm |
| 13:48 | Build | House |
| 13:48 | Queue | Monk |
| 13:54 | Research | Wheelbarrow |
| 14:03 | Queue | Villager (Male) |
| 14:18 | Build | House |
| 14:27 | Queue | Villager (Male) |
| 14:40 | Build | Farm |
| 14:41 | Build | Farm |
| 14:47 | Queue | Villager (Male) |
| 14:49 | Build | House |
| 14:54 | Queue | Villager (Male) |
| 14:57 | Build | Farm |
| 15:11 | Queue | Scout Cavalry |
| 15:13 | Build | Farm |
| 15:14 | Queue | Villager (Male) |
| 15:25 | Queue | Scout Cavalry |
| 15:29 | Queue | Villager (Male) |
| 15:38 | Queue | Villager (Male) |
| 15:44 | Queue | Monk |
| 15:45 | Queue | Monk |
| 15:53 | Queue | Villager (Male) |
| 15:57 | Build | Town Center |
| 16:03 | Queue | Villager (Male) |
| 16:25 | Queue | Villager (Male) |
| 16:41 | Queue | Villager (Male) |
| 16:44 | Build | Farm |
| 16:48 | Build | Farm |
| 16:55 | Queue | Villager (Male) |
| 17:01 | Build | Farm |
| 17:02 | Build | Farm |
| 17:23 | Queue | Monk |
| 17:23 | Queue | Villager (Male) |
| 17:24 | Queue | Villager (Male) |
| 17:24 | Queue | Villager (Male) |
| 17:24 | Queue | Villager (Male) |
| 17:25 | Queue | Villager (Male) |
| 17:29 | Build | Farm |
| 17:29 | Build | Farm |
| 17:39 | Queue | Villager (Male) |
| 17:39 | Queue | Villager (Male) |
| 17:48 | Queue | Villager (Male) |
| 17:54 | Build | Farm |
| 17:58 | Queue | Villager (Male) |
| 18:11 | Queue | Villager (Male) |
| 18:20 | Queue | Villager (Male) |
| 18:22 | Queue | Villager (Male) |
| 18:22 | Queue | Villager (Male) |
| 18:25 | Build | Town Center |
| 18:28 | Build | Farm |
| 18:30 | Queue | Villager (Male) |
| 18:30 | Queue | Villager (Male) |
| 18:32 | Build | Farm |
| 18:32 | Build | Farm |
| 18:35 | Queue | Villager (Male) |
| 18:49 | Build | House |
| 18:50 | Build | House |
| 18:53 | Build | Farm |
| 18:54 | Build | Farm |
| 18:59 | Build | House |
| 18:59 | Build | House |
| 19:07 | Queue | Villager (Male) |
| 19:08 | Queue | Villager (Male) |
| 19:16 | Queue | Villager (Male) |
| 19:16 | Queue | Villager (Male) |
| 19:27 | Queue | Villager (Male) |
| 19:27 | Queue | Villager (Male) |
| 19:41 | Queue | Villager (Male) |
| 19:42 | Queue | Villager (Male) |
| 19:42 | Queue | Villager (Male) |
| 19:45 | Queue | Villager (Male) |
| 19:45 | Queue | Villager (Male) |
| 19:55 | Queue | Villager (Male) |
| 20:00 | Build | Farm |
| 20:01 | Build | Farm |
| 20:05 | Queue | Villager (Male) |
| 20:05 | Queue | Villager (Male) |
| 20:07 | Build | House |
| 20:14 | Queue | Villager (Male) |
| 20:15 | Build | Farm |
| 20:17 | Build | Farm |
| 20:17 | Build | Farm |
| 20:28 | Build | Farm |
| 20:29 | Queue | Villager (Male) |
| 20:29 | Queue | Villager (Male) |
| 20:30 | Build | Town Center |
| 20:35 | Build | Farm |
| 20:48 | Queue | Villager (Male) |
| 20:51 | Build | House |
| 20:52 | Build | House |
| 20:57 | Queue | Villager (Male) |
| 20:59 | Build | Farm |
Build order — HSL | LuxRay
First 150 of 309 actions detected
| 0:01 | Queue | Villager (Male) |
| 0:02 | Queue | Villager (Male) |
| 0:37 | Queue | Villager (Male) |
| 0:59 | Queue | Villager (Male) |
| 1:12 | Queue | Villager (Male) |
| 1:16 | Build | Settlement |
| 1:26 | Queue | Villager (Male) |
| 1:39 | Queue | Villager (Male) |
| 2:10 | Build | House |
| 2:47 | Queue | Villager (Male) |
| 2:54 | Build | House |
| 3:01 | Queue | Villager (Male) |
| 3:12 | Queue | Villager (Male) |
| 3:26 | Queue | Villager (Male) |
| 3:38 | Queue | Villager (Male) |
| 3:48 | Queue | Villager (Male) |
| 4:03 | Queue | Villager (Male) |
| 4:06 | Build | Settlement |
| 4:39 | Queue | Villager (Male) |
| 5:14 | Queue | Villager (Male) |
| 5:39 | Build | Farm |
| 5:41 | Build | Farm |
| 6:04 | Research | Feudal Age |
| 6:09 | Research | Loom |
| 6:17 | Research | Feudal Age |
| 6:25 | Build | House |
| 6:25 | Queue | Villager (Male) |
| 6:46 | Build | House |
| 6:47 | Queue | Villager (Male) |
| 6:51 | Queue | Villager (Male) |
| 7:05 | Build | House |
| 7:06 | Queue | Villager (Male) |
| 7:16 | Queue | Villager (Male) |
| 7:23 | Build | Palisade Wall |
| 7:24 | Queue | Villager (Male) |
| 7:37 | Queue | Villager (Male) |
| 7:42 | Queue | Villager (Male) |
| 7:48 | Build | Palisade Wall |
| 7:53 | Build | Palisade Wall |
| 7:53 | Queue | Villager (Male) |
| 8:22 | Build | Palisade Wall |
| 8:26 | Build | Palisade Wall |
| 8:34 | Build | House |
| 8:34 | Queue | Villager (Male) |
| 8:39 | Queue | Villager (Male) |
| 8:46 | Age | Feudal Age |
| 9:00 | Build | Market |
| 9:01 | Queue | Villager (Male) |
| 9:06 | Build | Watch Tower |
| 9:07 | Queue | Villager (Male) |
| 9:12 | Queue | Villager (Male) |
| 9:16 | Build | Blacksmith |
| 9:22 | Build | Stone Wall |
| 9:31 | Queue | Villager (Male) |
| 9:38 | Queue | Villager (Male) |
| 9:44 | Queue | Villager (Male) |
| 10:03 | Queue | Villager (Male) |
| 10:31 | Build | House |
| 10:31 | Queue | Villager (Male) |
| 10:41 | Build | Gate |
| 10:55 | Queue | Villager (Male) |
| 11:30 | Build | Settlement |
| 11:31 | Queue | Villager (Male) |
| 11:44 | Build | House |
| 11:44 | Queue | Villager (Male) |
| 11:58 | Build | Settlement |
| 12:08 | Build | House |
| 12:24 | Research | Castle Age |
| 12:32 | Build | Palisade Wall |
| 12:39 | Build | Palisade Wall |
| 12:57 | Build | Settlement |
| 13:29 | Build | Stone Wall |
| 13:47 | Build | Gate |
| 14:20 | Research | Double-Bit Axe |
| 15:12 | Age | Castle Age |
| 15:15 | Build | Siege Workshop |
| 15:15 | Queue | Villager (Male) |
| 15:24 | Build | House |
| 15:43 | Queue | Mangonel |
| 15:50 | Queue | Villager (Male) |
| 15:55 | Build | Farm |
| 15:57 | Build | Farm |
| 16:08 | Queue | Villager (Male) |
| 16:24 | Queue | Villager (Male) |
| 16:49 | Queue | Mangonel |
| 17:04 | Queue | Villager (Male) |
| 17:21 | Queue | Villager (Male) |
| 17:23 | Build | Farm |
| 18:02 | Queue | Villager (Male) |
| 18:07 | Build | Farm |
| 18:09 | Build | Farm |
| 18:13 | Build | Farm |
| 18:17 | Queue | Villager (Male) |
| 18:37 | Build | Stone Wall |
| 18:47 | Build | Town Center |
| 18:48 | Queue | Villager (Male) |
| 19:20 | Queue | Villager (Male) |
| 19:31 | Queue | Villager (Male) |
| 19:36 | Build | Town Center |
| 19:57 | Queue | Villager (Male) |
| 20:07 | Build | Farm |
| 20:09 | Build | Farm |
| 20:34 | Queue | Villager (Male) |
| 20:43 | Queue | Villager (Male) |
| 20:45 | Build | Farm |
| 20:46 | Build | Farm |
| 20:52 | Build | Stone Wall |
| 20:57 | Queue | Villager (Male) |
| 21:00 | Build | Farm |
| 21:01 | Build | Farm |
| 21:03 | Build | Farm |
| 21:04 | Queue | Villager (Male) |
| 21:13 | Build | Farm |
| 21:20 | Research | Horse Collar |
| 21:21 | Research | Bow Saw |
| 21:33 | Queue | Villager (Male) |
| 21:38 | Queue | Villager (Male) |
| 21:41 | Build | Farm |
| 21:42 | Queue | Villager (Male) |
| 21:45 | Build | Farm |
| 21:46 | Build | Farm |
| 21:56 | Queue | Villager (Male) |
| 22:14 | Build | Farm |
| 22:15 | Queue | Villager (Male) |
| 22:17 | Build | House |
| 22:30 | Queue | Villager (Male) |
| 22:32 | Build | Farm |
| 22:34 | Build | House |
| 22:35 | Queue | Villager (Male) |
| 22:44 | Build | Castle |
| 22:45 | Queue | Villager (Male) |
| 22:51 | Queue | Villager (Male) |
| 23:00 | Research | Bow Saw |
| 23:05 | Research | Heavy Plow |
| 23:08 | Build | House |
| 23:13 | Build | House |
| 23:33 | Queue | Villager (Male) |
| 23:37 | Build | Settlement |
| 23:39 | Queue | Villager (Male) |
| 23:45 | Queue | Villager (Male) |
| 23:55 | Build | Castle |
| 24:01 | Build | House |
| 24:13 | Queue | Villager (Male) |
| 24:20 | Build | Outpost |
| 24:21 | Research | Town Watch |
| 24:22 | Research | Wheelbarrow |
| 24:23 | Queue | Villager (Male) |
| 24:23 | Queue | Villager (Male) |
| 24:35 | Queue | Villager (Male) |
| 24:40 | Queue | Villager (Male) |
Build order — 哀一逝而异乡
First 150 of 299 actions detected
| 0:02 | Queue | Villager (Male) |
| 0:03 | Queue | Villager (Male) |
| 0:03 | Queue | Villager (Male) |
| 0:45 | Queue | Villager (Male) |
| 0:45 | Queue | Villager (Male) |
| 0:58 | Build | Settlement |
| 1:09 | Queue | Villager (Male) |
| 1:09 | Queue | Villager (Male) |
| 1:25 | Queue | Villager (Male) |
| 1:25 | Queue | Villager (Male) |
| 1:50 | Queue | Villager (Male) |
| 1:57 | Queue | Villager (Male) |
| 1:57 | Queue | Villager (Male) |
| 2:19 | Queue | Villager (Male) |
| 2:19 | Queue | Villager (Male) |
| 2:29 | Research | Loom |
| 2:40 | Queue | Villager (Male) |
| 3:21 | Research | Loom |
| 3:53 | Research | Feudal Age |
| 4:12 | Queue | Villager (Male) |
| 4:41 | Queue | Villager (Male) |
| 5:09 | Queue | Villager (Male) |
| 6:03 | Age | Feudal Age |
| 6:09 | Build | Watch Tower |
| 6:54 | Queue | Villager (Male) |
| 7:03 | Queue | Villager (Male) |
| 7:18 | Build | Watch Tower |
| 7:44 | Queue | Villager (Male) |
| 7:45 | Queue | Villager (Male) |
| 8:04 | Queue | Villager (Male) |
| 8:11 | Build | Settlement |
| 8:59 | Queue | Villager (Male) |
| 9:00 | Queue | Villager (Male) |
| 9:30 | Build | Watch Tower |
| 9:45 | Research | Town Watch |
| 9:55 | Queue | Villager (Male) |
| 9:56 | Queue | Villager (Male) |
| 10:22 | Build | Watch Tower |
| 10:44 | Queue | Villager (Male) |
| 10:58 | Queue | Villager (Male) |
| 11:01 | Research | Horse Collar |
| 11:03 | Research | Double-Bit Axe |
| 11:29 | Queue | Villager (Male) |
| 11:36 | Build | Farm |
| 11:37 | Build | Farm |
| 11:39 | Build | Farm |
| 11:55 | Queue | Villager (Male) |
| 11:59 | Build | Settlement |
| 12:02 | Build | Farm |
| 12:03 | Build | Farm |
| 12:14 | Build | Farm |
| 12:21 | Queue | Villager (Male) |
| 12:25 | Build | Farm |
| 12:43 | Build | Watch Tower |
| 12:50 | Queue | Villager (Male) |
| 13:02 | Build | Farm |
| 13:22 | Queue | Villager (Male) |
| 13:51 | Queue | Villager (Male) |
| 13:56 | Build | Farm |
| 13:59 | Build | Farm |
| 14:04 | Queue | Villager (Male) |
| 14:07 | Build | Farm |
| 14:26 | Queue | Villager (Male) |
| 14:35 | Queue | Villager (Male) |
| 14:41 | Queue | Villager (Male) |
| 14:44 | Build | Farm |
| 14:58 | Build | Watch Tower |
| 15:07 | Queue | Villager (Male) |
| 15:26 | Build | Outpost |
| 16:06 | Queue | Villager (Male) |
| 16:14 | Build | Stone Wall |
| 16:17 | Build | Stone Wall |
| 16:18 | Build | Stone Wall |
| 16:58 | Queue | Villager (Male) |
| 17:03 | Build | Market |
| 17:30 | Queue | Villager (Male) |
| 17:30 | Queue | Villager (Male) |
| 17:34 | Queue | Villager (Male) |
| 17:48 | Build | Blacksmith |
| 17:53 | Build | Blacksmith |
| 18:22 | Queue | Villager (Male) |
| 18:22 | Queue | Villager (Male) |
| 18:25 | Build | Outpost |
| 18:36 | Research | Castle Age |
| 18:52 | Queue | Villager (Male) |
| 18:55 | Build | Settlement |
| 19:04 | Research | Gold Mining |
| 19:07 | Research | Stone Mining |
| 19:45 | Queue | Villager (Male) |
| 19:45 | Queue | Villager (Male) |
| 20:02 | Queue | Villager (Male) |
| 20:57 | Build | Farm |
| 20:59 | Build | Farm |
| 21:00 | Build | Farm |
| 21:04 | Build | Outpost |
| 21:25 | Age | Castle Age |
| 21:38 | Build | Castle |
| 21:48 | Build | Castle |
| 21:52 | Queue | Villager (Male) |
| 22:01 | Queue | Villager (Male) |
| 22:01 | Queue | Villager (Male) |
| 22:08 | Build | Town Center |
| 22:10 | Research | Bow Saw |
| 22:12 | Research | Heavy Plow |
| 22:21 | Build | Outpost |
| 22:23 | Research | Scale Mail Armor |
| 22:25 | Build | Farm |
| 22:26 | Build | Farm |
| 22:29 | Build | Settlement |
| 22:35 | Queue | Villager (Male) |
| 22:41 | Queue | Villager (Male) |
| 22:48 | Queue | Villager (Male) |
| 22:53 | Build | Farm |
| 22:55 | Build | Farm |
| 22:59 | Build | Farm |
| 23:12 | Build | Farm |
| 23:13 | Build | Farm |
| 23:15 | Queue | Villager (Male) |
| 23:25 | Queue | Kamayuk |
| 23:25 | Queue | Kamayuk |
| 23:26 | Queue | Kamayuk |
| 23:26 | Queue | Kamayuk |
| 23:26 | Queue | Kamayuk |
| 23:33 | Queue | Villager (Male) |
| 23:36 | Build | Siege Workshop |
| 23:41 | Queue | Villager (Male) |
| 23:42 | Queue | Villager (Male) |
| 23:44 | Queue | Villager (Male) |
| 23:49 | Build | Farm |
| 23:51 | Build | Farm |
| 23:54 | Queue | Kamayuk |
| 23:54 | Queue | Kamayuk |
| 24:06 | Queue | Kamayuk |
| 24:07 | Queue | Kamayuk |
| 24:11 | Queue | Villager (Male) |
| 24:21 | Build | Farm |
| 24:23 | Build | Farm |
| 24:27 | Queue | Kamayuk |
| 24:27 | Queue | Kamayuk |
| 24:41 | Queue | Villager (Male) |
| 25:02 | Queue | Villager (Male) |
| 25:02 | Queue | Villager (Male) |
| 25:05 | Build | Farm |
| 25:10 | Queue | Kamayuk |
| 25:10 | Queue | Kamayuk |
| 25:20 | Queue | Villager (Male) |
| 25:22 | Queue | Villager (Male) |
| 25:26 | Build | Town Center |
| 25:34 | Build | Town Center |
| 25:37 | Queue | Villager (Male) |
Build order — 垃圾小士兵
First 150 of 270 actions detected
| 0:01 | Queue | Villager (Male) |
| 0:01 | Queue | Villager (Male) |
| 0:11 | Build | Lumber Camp |
| 0:20 | Build | Mining Camp |
| 0:24 | Build | Lumber Camp |
| 0:39 | Queue | Villager (Male) |
| 0:57 | Build | House |
| 0:58 | Build | House |
| 1:12 | Queue | Villager (Male) |
| 1:20 | Build | House |
| 1:43 | Queue | Villager (Male) |
| 1:44 | Queue | Villager (Male) |
| 2:16 | Build | Mill |
| 2:26 | Queue | Villager (Male) |
| 2:46 | Queue | Villager (Male) |
| 2:47 | Research | Loom |
| 2:52 | Queue | Villager (Male) |
| 2:54 | Research | Loom |
| 4:15 | Research | Feudal Age |
| 4:15 | Research | Feudal Age |
| 5:06 | Build | Mining Camp |
| 5:16 | Queue | Villager (Male) |
| 6:25 | Age | Feudal Age |
| 6:41 | Build | Blacksmith |
| 6:46 | Build | Watch Tower |
| 6:54 | Queue | Villager (Male) |
| 6:55 | Queue | Villager (Male) |
| 7:25 | Research | Fletching |
| 7:34 | Research | Town Watch |
| 7:51 | Queue | Villager (Male) |
| 8:26 | Build | Watch Tower |
| 8:34 | Queue | Villager (Male) |
| 8:52 | Queue | Villager (Male) |
| 9:15 | Queue | Villager (Male) |
| 9:22 | Build | Farm |
| 9:31 | Build | House |
| 9:46 | Build | Watch Tower |
| 10:07 | Queue | Villager (Male) |
| 10:48 | Build | Watch Tower |
| 10:59 | Queue | Villager (Male) |
| 11:01 | Queue | Villager (Male) |
| 11:07 | Build | House |
| 11:08 | Build | House |
| 11:27 | Queue | Villager (Male) |
| 11:40 | Queue | Villager (Male) |
| 12:00 | Queue | Villager (Male) |
| 12:03 | Build | Farm |
| 12:05 | Build | Farm |
| 12:13 | Queue | Villager (Male) |
| 12:21 | Queue | Villager (Male) |
| 12:27 | Queue | Villager (Male) |
| 12:43 | Queue | Villager (Male) |
| 12:51 | Queue | Villager (Male) |
| 12:57 | Build | Watch Tower |
| 13:12 | Build | Farm |
| 13:14 | Build | Farm |
| 13:44 | Build | Watch Tower |
| 13:47 | Queue | Villager (Male) |
| 13:51 | Queue | Villager (Male) |
| 13:58 | Build | Farm |
| 13:59 | Build | Farm |
| 14:00 | Build | Farm |
| 14:02 | Build | Farm |
| 14:27 | Queue | Villager (Male) |
| 14:42 | Build | Farm |
| 15:36 | Build | Farm |
| 15:44 | Build | Watch Tower |
| 15:54 | Queue | Villager (Male) |
| 16:13 | Queue | Villager (Male) |
| 16:17 | Queue | Villager (Male) |
| 16:32 | Build | House |
| 16:34 | Build | House |
| 16:59 | Build | Market |
| 17:08 | Research | Wheelbarrow |
| 17:09 | Queue | Villager (Male) |
| 17:25 | Build | Mining Camp |
| 18:03 | Build | Watch Tower |
| 18:37 | Research | Castle Age |
| 18:37 | Research | Castle Age |
| 19:03 | Research | Double-Bit Axe |
| 19:30 | Research | Horse Collar |
| 19:43 | Research | Stone Mining |
| 19:44 | Research | Stone Mining |
| 20:08 | Build | Mining Camp |
| 20:22 | Build | Lumber Camp |
| 20:53 | Queue | Villager (Male) |
| 21:28 | Age | Castle Age |
| 21:43 | Build | Castle |
| 21:49 | Queue | Villager (Male) |
| 22:00 | Research | Bodkin Arrow |
| 22:12 | Queue | Villager (Male) |
| 22:35 | Queue | Villager (Male) |
| 22:39 | Build | Lumber Camp |
| 22:45 | Build | University |
| 23:03 | Queue | Villager (Male) |
| 23:13 | Queue | Genoese Crossbowman |
| 23:13 | Queue | Genoese Crossbowman |
| 23:14 | Queue | Genoese Crossbowman |
| 23:14 | Queue | Genoese Crossbowman |
| 23:14 | Queue | Genoese Crossbowman |
| 23:30 | Build | Mining Camp |
| 23:34 | Queue | Villager (Male) |
| 23:50 | Build | Farm |
| 23:50 | Build | Farm |
| 23:50 | Build | Farm |
| 23:56 | Queue | Genoese Crossbowman |
| 23:57 | Queue | Villager (Male) |
| 24:10 | Queue | Genoese Crossbowman |
| 24:27 | Queue | Genoese Crossbowman |
| 24:40 | Research | Ballistics |
| 24:40 | Research | Ballistics |
| 24:40 | Research | Ballistics |
| 24:42 | Queue | Villager (Male) |
| 24:43 | Queue | Genoese Crossbowman |
| 24:49 | Queue | Villager (Male) |
| 24:51 | Build | Barracks |
| 25:00 | Queue | Villager (Male) |
| 25:09 | Build | Castle |
| 25:15 | Queue | Genoese Crossbowman |
| 25:15 | Queue | Genoese Crossbowman |
| 25:17 | Queue | Villager (Male) |
| 25:32 | Research | Padded Archer Armor |
| 25:35 | Queue | Genoese Crossbowman |
| 25:41 | Queue | Genoese Crossbowman |
| 25:52 | Queue | Genoese Crossbowman |
| 25:58 | Queue | Genoese Crossbowman |
| 26:00 | Build | House |
| 26:01 | Build | House |
| 26:14 | Queue | Genoese Crossbowman |
| 26:16 | Queue | Villager (Male) |
| 26:20 | Build | Archery Range |
| 26:25 | Build | Farm |
| 26:25 | Build | Farm |
| 26:25 | Build | Farm |
| 26:43 | Queue | Genoese Crossbowman |
| 26:44 | Queue | Genoese Crossbowman |
| 26:44 | Queue | Genoese Crossbowman |
| 26:44 | Queue | Genoese Crossbowman |
| 26:45 | Queue | Villager (Male) |
| 26:55 | Queue | Genoese Crossbowman |
| 27:03 | Build | House |
| 27:04 | Build | House |
| 27:06 | Build | House |
| 27:17 | Queue | Genoese Crossbowman |
| 27:18 | Queue | Genoese Crossbowman |
| 27:18 | Queue | Villager (Male) |
| 27:31 | Build | House |
| 27:37 | Queue | Genoese Crossbowman |
| 27:37 | Queue | Genoese Crossbowman |
| 27:38 | Queue | Genoese Crossbowman |
Match timeline
| 6:03 | 哀一逝而异乡 · age_up feudal |
| 6:25 | 垃圾小士兵 · age_up feudal |
| 7:12 | EMP · wall_segment Palisade Wall x1 |
| 7:17 | EMP · wall_segment Palisade Wall x3 |
| 7:23 | HSL | LuxRay · wall_segment Palisade Wall x1 |
| 7:23 | EMP · wall_segment Palisade Wall x13 |
| 7:41 | EMP · first_building Barracks |
| 7:48 | HSL | LuxRay · wall_segment Palisade Wall x5 |
| 7:53 | HSL | LuxRay · wall_segment Palisade Wall x4 |
| 8:01 | deev · age_up feudal |
| 8:22 | HSL | LuxRay · wall_segment Palisade Wall x5 |
| 8:26 | HSL | LuxRay · wall_segment Palisade Wall x1 |
| 8:30 | EMP · age_up feudal |
| 8:31 | 李清然 · age_up feudal |
| 8:34 | 味增汤 · first_building Barracks |
| 8:46 | HSL | LuxRay · age_up feudal |
| 8:47 | EMP · wall_segment Palisade Wall x3 |
| 8:48 | EMP · wall_segment Palisade Wall x3 |
| 8:53 | deev · first_market_sell 100 wood |
| 9:06 | EMP · wall_segment Palisade Wall x3 |
| 9:12 | EMP · wall_segment Palisade Wall x4 |
| 9:14 | KIRA · age_up feudal |
| 9:21 | 味增汤 · age_up feudal |
| 9:22 | HSL | LuxRay · wall_segment Stone Wall x7 |
| 9:25 | 味增汤 · first_building Stable |
| 9:31 | EMP · wall_segment Palisade Wall x1 |
| 9:36 | EMP · wall_segment Palisade Wall x1 |
| 9:48 | deev · first_building Barracks |
| 11:52 | EMP · first_building Archery Range |
| 11:56 | deev · age_up castle |
| 12:01 | deev · first_building Monastery |
| 12:04 | 李清然 · age_up castle |
| 12:09 | 李清然 · first_building Monastery |
| 12:20 | HSL | LuxRay · first_market_sell 100 wood |
| 12:28 | KIRA · age_up castle |
| 12:32 | HSL | LuxRay · wall_segment Palisade Wall x8 |
| 12:39 | HSL | LuxRay · wall_segment Palisade Wall x1 |
| 12:55 | 味增汤 · age_up castle |
| 13:00 | 味增汤 · first_building Monastery |
| 13:29 | HSL | LuxRay · wall_segment Stone Wall x13 |
| 13:31 | KIRA · first_building Barracks |
| 13:45 | 李清然 · first_market_sell 100 wood |
| 13:45 | HSL | LuxRay · first_market_buy 100 stone |
| 15:12 | HSL | LuxRay · age_up castle |
| 15:15 | HSL | LuxRay · first_building Siege Workshop |
| 16:14 | 哀一逝而异乡 · wall_segment Stone Wall x1 |
| 16:17 | 哀一逝而异乡 · wall_segment Stone Wall x1 |
| 16:18 | 哀一逝而异乡 · wall_segment Stone Wall x1 |
| 16:31 | deev · first_market_buy 100 stone |
| 17:15 | KIRA · wall_segment Stone Wall x1 |
| 18:14 | KIRA · first_building Monastery |
| 18:33 | 垃圾小士兵 · first_market_sell 100 food |
| 18:37 | HSL | LuxRay · wall_segment Stone Wall x1 |
| 19:08 | KIRA · wall_segment Stone Wall x2 |
| 19:09 | KIRA · wall_segment Stone Wall x1 |
| 20:14 | KIRA · first_building Stable |
| 20:52 | HSL | LuxRay · wall_segment Stone Wall x1 |
| 21:05 | 李清然 · first_market_buy 100 wood |
| 21:23 | 李清然 · first_building Barracks |
| 21:25 | 哀一逝而异乡 · age_up castle |
| 21:28 | 垃圾小士兵 · age_up castle |
| 21:38 | 哀一逝而异乡 · first_building Castle |
| 21:43 | 垃圾小士兵 · first_building Castle |
| 21:50 | KIRA · first_building Castle |
| 21:51 | EMP · age_up castle |
| 21:56 | EMP · first_building Castle |
| 22:26 | EMP · first_building Siege Workshop |
| 22:44 | HSL | LuxRay · first_building Castle |
| 22:54 | 李清然 · first_building Castle |
| 23:24 | 李清然 · first_building Stable |
| 23:36 | 哀一逝而异乡 · first_building Siege Workshop |
| 23:43 | deev · first_building Stable |
| 24:36 | deev · first_building Castle |
| 24:51 | 垃圾小士兵 · first_building Barracks |
| 25:09 | 李清然 · first_building Siege Workshop |
| 25:10 | HSL | LuxRay · wall_segment Stone Wall x7 |
| 25:11 | 味增汤 · first_building Archery Range |
| 25:39 | 李清然 · age_up imperial |
| 25:45 | 味增汤 · first_building Castle |
| 25:53 | KIRA · age_up imperial |
| 26:20 | 垃圾小士兵 · first_building Archery Range |
| 26:28 | EMP · age_up imperial |
| 26:45 | EMP · first_market_sell 100 wood |
| 27:12 | deev · age_up imperial |
| 28:14 | 味增汤 · age_up imperial |
| 28:45 | EMP · wall_segment Stone Wall x2 |
| 29:16 | EMP · wall_segment Stone Wall x5 |
| 29:31 | 味增汤 · first_building Siege Workshop |
| 30:50 | HSL | LuxRay · first_building Barracks |
| 32:20 | HSL | LuxRay · first_building Archery Range |
| 32:24 | 李清然 · tribute_sent a jugador 1 |
| 32:24 | 李清然 · tribute_sent a jugador 3 |
| 32:24 | 李清然 · tribute_sent a jugador 4 |
| 32:24 | 李清然 · tribute_sent a jugador 5 |
| 32:24 | 李清然 · tribute_sent a jugador 6 |
| 32:24 | 李清然 · tribute_sent a jugador 7 |
| 32:24 | 李清然 · tribute_sent a jugador 8 |
| 32:39 | KIRA · first_market_sell 100 food |
| 32:41 | 味增汤 · first_market_sell 100 food |
| 32:50 | HSL | LuxRay · age_up imperial |
| 33:12 | 垃圾小士兵 · first_market_buy 100 stone |
| 34:04 | 李清然 · tribute_sent a jugador 1 |
| 34:04 | 李清然 · tribute_sent a jugador 3 |
| 34:04 | 李清然 · tribute_sent a jugador 4 |
| 34:04 | 李清然 · tribute_sent a jugador 5 |
| 34:04 | 李清然 · tribute_sent a jugador 6 |
| 34:04 | 李清然 · tribute_sent a jugador 7 |
| 34:04 | 李清然 · tribute_sent a jugador 8 |
| 34:18 | HSL | LuxRay · wall_segment Stone Wall x13 |
| 34:18 | 哀一逝而异乡 · first_building Barracks |
| 34:40 | 哀一逝而异乡 · age_up imperial |
| 34:50 | 李清然 · tribute_sent a jugador 1 |
| 34:50 | 李清然 · tribute_sent a jugador 3 |
| 34:50 | 李清然 · tribute_sent a jugador 4 |
| 34:50 | 李清然 · tribute_sent a jugador 5 |
| 34:50 | 李清然 · tribute_sent a jugador 6 |
| 34:50 | 李清然 · tribute_sent a jugador 7 |
| 34:50 | 李清然 · tribute_sent a jugador 8 |
| 36:08 | deev · resign |
[ AI ANALYSIS · 1 CREDIT ]
What really happened in this match?
Wolo.gg analyzes every decision: build order, eco, micro, common mistakes by bracket. Personalized analysis on WhatsApp or Discord in 30 seconds.
Civ guide
Portuguese
Perfil
Jugador #2809169